 Dungeon Crawl Stone Soup version 0.21-a0-578-gc6e9d75 (webtiles) character file.

13 tidbits the Insei (level 2, 5/23 HPs)
             Began as a Gnoll Transmuter on Dec 18, 2017.
             Quit the game on level 2 of the Dungeon.
             The game lasted 00:01:26 (231 turns).

tidbits the Insei (Gnoll Transmuter)                 Turns: 231, Time: 00:01:27

Health: 5/23       AC:  2    Str: 12    XL:     2   Next: 37%
Magic:  7/7        EV: 20    Int: 15    God:
Gold:   25         SH:  0    Dex: 20    Spells: 9/10 levels left

rFire    . . .     SeeInvis .     - Unarmed
rCold    . . .     Gourm    .   (no shield)
rNeg     . . .     Faith    .   b - +0 robe
rPois    .         Spirit   .   (no helmet)
rElec    .         Reflect  .   (no cloak)
rCorr    .         Harm     .   (no gloves)
MR       .....                  (boots currently unavailable)
Stlth    +++.......             (no amulet)
HPRegen  0.07/turn              (no ring)
MPRegen  0.10/turn              (no ring)

@: agile, lethally poisoned (5 -> 0), appendage, very slightly contaminated,
invisible
A: distributed training, fangs 1, talons 3, strong nose
a: End Transformation


You were on level 2 of the Dungeon.
You were not hungry.
You had grown temporary talons.
You visited 1 branch of the dungeon, and saw 2 of its levels.

You collected 25 gold pieces.

Inventory:

Hand Weapons
 f - a +0 whip
 g - a +0 spear
Missiles
 a - 12 arrows
 h - 49 stones (quivered)
 i - 9 sling bullets
Armour
 b - a +0 robe (worn)
Scrolls
 j - a scroll of teleportation {unknown}
 l - a scroll of random uselessness {unknown}
Potions
 e - a potion of agility
Books
 c - a book of Changes

   Spells                             Type                      Level
   a - Beastly Appendage              Transmutation                1
   b - Sticks to Snakes               Transmutation                2
   c - Spider Form                    Transmutation/Poison         3
   d - Ice Form                       Ice/Transmutation            4
   e - Blade Hands                    Transmutation                5
Comestibles
 d - 2 rations


   Skills:
 + Level 2.4 Fighting
 + Level 0.3 Short Blades
 + Level 0.3 Long Blades
 + Level 0.3 Axes
 + Level 0.3 Maces & Flails
 + Level 0.3 Polearms
 + Level 0.3 Staves
 + Level 0.3 Slings
 + Level 0.3 Bows
 + Level 0.3 Crossbows
 + Level 0.3 Throwing
 + Level 0.3 Armour
 + Level 4.4 Dodging
 + Level 0.3 Stealth
 + Level 0.3 Shields
 + Level 6.4 Unarmed Combat
 + Level 4.9 Spellcasting
 + Level 0.2 Conjurations
 + Level 0.2 Hexes
 + Level 0.2 Charms
 + Level 0.2 Summonings
 + Level 0.2 Necromancy
 + Level 0.2 Translocations
 + Level 3.7 Transmutations
 + Level 0.2 Fire Magic
 + Level 0.2 Ice Magic
 + Level 0.2 Air Magic
 + Level 0.2 Earth Magic
 + Level 0.2 Poison Magic
 + Level 0.4 Invocations
 + Level 0.3 Evocations


You had 9 spell levels left.
You knew the following spells:

 Your Spells              Type           Power        Failure   Level  Hunger
e - Beastly Appendage     Tmut           ##....       3%          1    None


Dungeon Overview and Level Annotations

Branches:
Dungeon (2/15)

Altars:


Innate Abilities, Weirdness & Mutations

Your experience applies equally to all skills.
You have very sharp teeth.
Your uncanny sense of smell can sniff out nearby items.
You have claws for feet.


Message History

You open the door.
Your horns disappear.
There is an open door here.
You open the door.
There is an open door here.
Found 14 gold pieces.
Found a scroll labeled GIUHOLLOEP.
You now have 14 gold pieces.
l - a scroll labeled GIUHOLLOEP You open the door.
There is an open door here.
There is an open door here.
You open the door.
There is an open door here.
You open the door.
Found a ration.
There is an open door here.
d - 2 rations (gained 1)
There is an open door here.
Found 11 gold pieces.
You now have 25 gold pieces (gained 11).
You open the door.
There is an open door here.
Found a stone staircase leading down.
There is a stone staircase leading down here.
You climb downwards.
A giant cockroach comes into view.
Found 24 stones.
There is a stone staircase leading up here.
h - 49 stones (gained 24)
An adder comes into view.
The adder hisses angrily.
Casting: Beastly Appendage
Confirm with . or Enter, or press ? or * to list all spells.
Your feet morph into talons.
You barely miss the adder. Your kick misses the adder. The adder bites you.
You are poisoned.
The adder poisons you!
You hit the adder. Your kick misses the adder. Your bite misses the adder.
The adder is lightly wounded.
You feel sick. The adder bites you but does no damage.
A dart slug comes into view.
You closely miss the adder. Your kick misses the adder.
Your bite misses the adder.
The adder is lightly wounded.
The adder barely misses you.
You hit the adder.
The adder is moderately wounded.
You feel sick. The adder bites you.
You are more poisoned.
The adder poisons you!
You closely miss the adder.
The adder is lightly wounded.
The adder bites you.
You hit the adder. Your bite misses the adder.
The adder is severely wounded.
You feel sick. The adder bites you.
You miss the adder.
The adder is severely wounded.
The adder bites you.
* * * LOW HITPOINT WARNING * * *
The adder closely misses you.
You miss the adder.
The adder is severely wounded.
* * * LOW HITPOINT WARNING * * *
You feel sick. The adder misses you.
You are too injured to fight recklessly!
You are too injured to fight recklessly!
You are too injured to fight recklessly!
You are too injured to fight recklessly!
You are too injured to fight recklessly!
You are too injured to fight recklessly!
You hit the adder. Your bite misses the adder.
The adder is almost dead.
The adder closely misses you.
You punch the adder!
You kill the adder!
You have reached level 2!
You feel sick. The dart slug closely misses you.
You see here an adder corpse.
You hit the dart slug.
You bite the dart slug, but do no damage.
The dart slug is moderately wounded.
You feel sick. The dart slug launches a dart at you. The slug dart hits you!
* * * LOW HITPOINT WARNING * * *
You hit the dart slug. You claw the dart slug.
The dart slug is severely wounded.
You punch the dart slug!
You kill the dart slug!
It was a potion of agility.
You feel agile all of a sudden.
* * * LOW HITPOINT WARNING * * *
You feel sick.
It was a potion of invisibility.
You fade into invisibility!
You are very lightly contaminated with residual magic.
Are you sure you want to abandon this character and quit the game? (Confirm with "yes".)

#.## ### ##.. #
#.####..## # .##
#.##.....#.# #.#
#.##.#...#.# #.#
#.##.#.....#
###<###........#
...........###.######
..###########...@†..#
.. #..####.# . #..# .
∆ #... #.## #. #. ∆
#.


There were no monsters in sight!

Vanquished Creatures
  An adder (D:2)
  A dart slug (D:2)
  A hobgoblin (D:2)
3 creatures vanquished.

Notes
Turn   | Place    | Note
-------+----------+-------------------------------------------
     0 | D:1      | tidbits the Gnoll Transmuter began the quest for the Orb.
     0 | D:1      | Reached XP level 1. HP: 17/17 MP: 6/6
   224 | D:2      | Reached XP level 2. HP: 9/23 MP: 7/7
   231 | D:2      | Quit the game

Vault maps used:
D:1:      dpeg_arrival_rhombus, nrook_mini_vaults
D:2:      nicolae_tso_carved_into_rock, nicolae_overflow_crystal_walls,
          chequers_ecumenical_altar_simple_redux

Action                   || total
-------------------------++-------
Melee: Unarmed           ||    15
       Bite              ||     2
       Kick              ||     1
 Cast: Beastly Appendage ||     2
  Use: Potion            ||     2
Armor: Robe              ||     1
Dodge: Dodged            ||     5

Table legend:
 A = Spawn XP
 B = Non-spawn XP
 C = Spawn XP percentage of total XP
 D = Spawn monster count
 E = Non-spawn monster count
 F = Spawn count percentage of total count
 G = Total turns spent on level
                    A         B        C        D         E        F      G
               +---------+---------+-------+---------+---------+-------+---------
         Total |       0 |      19 |   0.0 |       0 |       3 |   0.0 |   231
               +---------+---------+-------+---------+---------+-------+---------
           D:2 |       0 |      19 |   0.0 |       0 |       3 |   0.0 |    60
               +---------+---------+-------+---------+---------+-------+---------

Table legend:
 A = Turns spent in this place as a percentage of turns spent in the entire game.
 B = Non-inter-level travel turns spent in this place as a percentage of non-inter-level travel turns spent in the entire game.
 C = Inter-level travel turns spent in this place as a percentage of turns spent in this place.
 D = Turns resting spent in this place as a percentage of non-inter-level travel turns spent in this place.
 E = Turns spent auto-exploring this place as a percentage of non-inter-level travel turns spent in this place.
 F = Non-inter-level travel turns spent in this place divided by the number of levels of this place that you've seen.
                   A       B       C       D       E      F
               +-------+-------+-------+-------+-------+----------------------
         Total | 100.0 | 100.0 |   0.0 |   0.0 |   0.0 | 115.5
       Dungeon | 100.0 | 100.0 |   0.0 |   0.0 |   0.0 | 115.5
               +-------+-------+-------+-------+-------+----------------------

Table legend:
 A = Kills in this place as a percentage of kills in entire the game.
 B = Kills by you in this place as a percentage of kills by you in the entire game.
 C = Kills by friends in this place as a percentage of kills by friends in the entire game.
 D = Other kills in this place as a percentage of other kills in the entire game.
 E = Experience gained in this place as a percentage of experience gained in the entire game.
 F = Experience gained in this place divided by the number of levels of this place that you have seen.
                   A       B       C       D       E      F
               +-------+-------+-------+-------+-------+----------------------
         Total | 100.0 | 100.0 |   N/A |   N/A | 100.0 |   9.5
       Dungeon | 100.0 | 100.0 |   N/A |   N/A | 100.0 |   9.5
               +-------+-------+-------+-------+-------+----------------------

Vault maps used:
D:1:      dpeg_arrival_rhombus, nrook_mini_vaults
D:2:      nicolae_tso_carved_into_rock, nicolae_overflow_crystal_walls,
          chequers_ecumenical_altar_simple_redux
